 Dungeon Crawl Stone Soup version 0.26-a0-163-g6c8a0bf695 (webtiles) character file.

Game seed: 8213367444258050272

140 Murumi the Shield-Bearer (level 5, 0/42 HPs)
             Began as a Formicid Fighter on July 3, 2020.
             Succumbed to a kobold's poison
             ... on level 3 of the Dungeon.
             The game lasted 00:12:12 (2828 turns).

Murumi the Shield-Bearer (Formicid Fighter)         Turns: 2828, Time: 00:12:13

Health: 0/42       AC: 10    Str: 21    XL:     5   Next: 47%
Magic:  5/5        EV:  4    Int:  8    God:
Gold:   163        SH:  7    Dex: 10    Spells: 4/4 levels left

rFire    . . .     SeeInvis +   a - +0 long sword
rCold    . . .     Faith    .   c - +0 kite shield
rNeg     . . .     Spirit   .   i - +0 chain mail
rPois    .         Reflect  .   (helmet unavailable)
rElec    .         Harm     .   (no cloak)
rCorr    .                      b - +0 pair of gloves
MR       .....                  e - +0 pair of boots
Stlth    ..........             (no amulet)
HPRegen  0.14/turn              (no ring)
MPRegen  0.09/turn              (no ring)

@: lethally poisoned (0 -> -5), extremely drained
A: permanent stasis, dig shafts and tunnels, four strong arms, antennae 3
a: Dig, Shaft Self


You were on level 3 of the Dungeon.
You were not hungry.

You visited 1 branch of the dungeon, and saw 3 of its levels.

You collected 163 gold pieces.

Inventory:

Hand Weapons
 a - a +0 long sword (weapon)
Missiles
 h - 17 bolts
Armour
 b - a +0 pair of gloves (worn)
 c - a +0 kite shield (worn)
 e - a +0 pair of boots (worn)
 i - a +0 chain mail (worn)
Scrolls
 k - 2 scrolls of identify
Potions
 g - 2 potions of flight
Comestibles
 d - a chunk of flesh
 f - 5 rations


   Skills:
 - Level 4.0(0.0) Fighting
 + Level 3.0(0.0) Long Blades
 - Level 4.0(0.0) Armour
 - Level 1.0(0.0) Dodging
 - Level 5.0(0.0) Shields


You had 4 spell levels left.
You didn't know any spells.
Your spell library was empty.

Dungeon Overview and Level Annotations

Branches:
Dungeon (3/15)

Altars:
Ashenzari
Dithmenos
Trog
Vehumet
Wu Jian


Innate Abilities, Weirdness & Mutations

You cannot be hasted, slowed, berserked, paralysed or teleported.
You can dig through walls and to a lower floor.
Your four strong arms can wield two-handed weapons with a shield.
You have a pair of large antennae on your head. (SInv)


Message History

* * * LOW HITPOINT WARNING * * *
You feel sick.
* * * LOW HITPOINT WARNING * * *
You feel sick.
Some of the chunks of flesh in your inventory have rotted away.
* * * LOW HITPOINT WARNING * * *
You feel sick.
* * * LOW HITPOINT WARNING * * *
You feel sick.
* * * LOW HITPOINT WARNING * * *
You feel sick.
* * * LOW HITPOINT WARNING * * *
You feel sick.
* * * LOW HITPOINT WARNING * * *
You feel sick.
* * * LOW HITPOINT WARNING * * *
You feel sick.
* * * LOW HITPOINT WARNING * * *
You feel sick.
You die...

### ..# #.# #.#
#.##########
###.###...........
.......@.......# ###
##########...#.#####)##
#####.#.......<#.#
#####
#.......#.####.####
....### #.###..##.##
#)# .. ......## #.#
#..#...###.##.#
.......# #.#
#.............#
..#....## #.#
##.#...###.#..#
.###..))# #.#
#.#......(....


There were no monsters in sight!

Vanquished Creatures
  An orc wizard (D:3)
  3 adders
  3 worms
  A dart slug (D:1)
  8 orcs (D:3)
  3 giant cockroaches
  10 goblins
  2 hobgoblins
  2 jackals (D:2)
  8 kobolds
  4 quokkas
  A ball python (D:3)
  9 bats
  8 frilled lizards
  12 rats
75 creatures vanquished.

Vanquished Creatures (others)
  An adder (D:2)
1 creature vanquished.

Grand Total: 76 creatures vanquished

Notes
Turn   | Place    | Note
-------+----------+-------------------------------------------
     0 | D:1      | Murumi the Formicid Fighter began the quest for the Orb.
     0 | D:1      | Reached XP level 1. HP: 18/18 MP: 1/1
    61 | D:1      | Reached skill level 1 in Dodging
    74 | D:1      | Reached XP level 2. HP: 24/24 MP: 2/2
   113 | D:1      | Reached skill level 4 in Shields
   690 | D:1      | Reached XP level 3. HP: 28/29 MP: 3/3
  1111 | D:2      | Found a radiant altar of Vehumet.
  1175 | D:2      | Reached XP level 4. HP: 37/37 MP: 4/4
  1550 | D:2      | Found a shadowy altar of Dithmenos.
  1550 | D:2      | Found a shattered altar of Ashenzari.
  1790 | D:3      | Reached XP level 5. HP: 25/42 MP: 5/5
  1943 | D:3      | Found an ornate altar of the Wu Jian Council.
  2590 | D:3      | Noticed a moth of wrath
  2593 | D:3      | Found a bloodstained altar of Trog.
  2612 | D:3      | Reached skill level 5 in Shields
  2823 | D:3      | HP: 2/42 [poisoned by a kobold]
  2828 | D:3      | Succumbed to a kobold's poison

Illustrated notes

Levels and vault maps discovered:
D:1:      lordsloth_arrival_two_stooges, layout_basic
D:2:      layout_basic, fiery_altar_vehumet, gammafunk_temple_overflow_elements,
          first_ration
D:3:      layout_loops_ring, nicolae_overflow_hidden_temple, tgw_trog,
          lemuel_crystal_altar

Skill      XL: |  1  2  3  4  5 |
---------------+----------------+-----
Dodging        | 1 |  1.0
Shields        | 4 5 |  5.0
Long Blades    | 3 |  3.0
Fighting       | 4 |  4.0
Armour         | 4 |  4.0

Action                   |  1- 3 |  4- 6 || total
-------------------------+-------+-------++-------
Melee: Long sword        |   110 |   225 ||   335
 Abil: Dig               |     2 |     1 ||     3
  Use: Scroll            |     3 |     3 ||     6
       Potion            |       |     2 ||     2
  Eat: Chunk             |     1 |     6 ||     7
Armor: Scale mail        |    32 |       ||    32
       Chain mail        |    25 |   164 ||   189
Dodge: Dodged            |    29 |    46 ||    75
Block: Kite shield       |    60 |    79 ||   139
       Rpst.: Long sword |     9 |    14 ||    23

Table legend:
 A = Non-vault XP
 B = Vault XP
 C = Vault XP percentage of total XP
 D = Non-vault monster count
 E = Vault monster count
 F = Vault count percentage of total count
                 A         B        C        D         E       F
            +---------+---------+-------+---------+---------+-------
      Total |     188 |      13 |   6.5 |      68 |       7 |   9.3
            +---------+---------+-------+---------+---------+-------
        D:1 |      31 |       4 |  11.4 |      22 |       2 |   8.3
        D:2 |      66 |       0 |   0.0 |      23 |       0 |   0.0
        D:3 |      91 |       9 |   9.0 |      23 |       5 |  17.9
            +---------+---------+-------+---------+---------+-------
